 Dungeon Crawl Stone Soup version 0.27-a0-1456-gf5a116941d (webtiles) character file.

Game seed: 6255707496497119993

949 wesbby the Slasher (level 8, 0/61 HPs)
             Began as a Human Berserker on July 6, 2021.
             Was a Believer of Trog.
             Slain by an orc priest (2 damage)
             ... on level 7 of the Dungeon.
             The game lasted 00:05:43 (3521 turns).

wesbby the Slasher (Human Berserker)                Turns: 3521, Time: 00:05:44

Health: 0/61       AC: 14    Str: 20    XL:     8   Next: 35%
Magic:  8/8        EV:  9    Int:  7    God:    Trog [**....]
Gold:   85         SH:  0    Dex: 16    Spells: 7/7 levels left

rFire    . . .     SeeInvis .   a - +1 falchion
rCold    . . .     Faith    .   (no shield)
rNeg     . . .     Spirit   .   i - +0 chain mail
rPois    .         Reflect  .   (no helmet)
rElec    .         Harm     .   (no cloak)
rCorr    .         Rampage  .   f - +2 pair of gloves {Dex+3}
Will     .....                  e - +0 pair of boots
Stlth    ..........             (no amulet)
HPRegen  0.20/turn              (no ring)
MPRegen  0.11/turn              (no ring)

@: marked, on berserk cooldown, slowed, very slow
A: no striking features
a: Renounce Religion, Berserk, Trog's Hand


You were on level 7 of the Dungeon.
You worshipped Trog.
Trog was pleased with you.
You visited 1 branch of the dungeon, and saw 6 of its levels.

You collected 85 gold pieces.

Inventory:

Hand Weapons
 a - a +1 falchion (weapon)
Missiles
 g - 7 boomerangs (quivered)
 p - 4 atropa-tipped darts
Armour
 b - a +0 animal skin
 c - a +0 ring mail
 e - a +0 pair of boots (worn)
 f - a +2 pair of gloves of dexterity (worn)
 i - a +0 chain mail (worn)
Jewellery
 j - a +4 ring of evasion
Scrolls
 h - 2 scrolls of fog
 l - a scroll of magic mapping
Potions
 d - a potion of invisibility
 k - a potion of flight {unknown}


   Skills:
 * Level 4.9 Fighting
 * Level 6.8 Long Blades
 * Level 4.5 Armour
 * Level 3.6 Dodging
 + Level 0.3 Stealth


You had 7 spell levels left.
You didn't know any spells.
Your spell library was empty.

Dungeon Overview and Level Annotations

Branches:
Dungeon (7/15)
 Temple: D:4-7

Altars:
Gozag
Yredelemnul
Zin

Shops:
D:2 ?


Message History

You closely miss the orc priest.
The orc priest is severely wounded.
The orc hits you but does no damage. The orc closely misses you.
You riposte.
You hit the orc but do no damage. The orc hits you with a +0 falchion.
You slash the orc!
You kill the orc!
Trog accepts your kill. The orc hits you but does no damage.
The orc priest barely misses you.
You riposte.
You hit the orc priest.
The orc priest is almost dead.
The orc closely misses you.
The orc priest calls down the wrath of Beogh upon you.
Beogh smites you!
* * * LOW HITPOINT WARNING * * *
The orc closely misses you.
You riposte.
You hit the orc.
The orc is severely wounded.
The orc hits you but does no damage. x2
You see here a +0 falchion.
You hit the orc but do no damage.
The orc is severely wounded.
You hear the slow hiss of a very distant avalanche of sand.
The orc priest hits you but does no damage.
The orc hits you but does no damage. x2
The orc priest hits you but does no damage.
The orc closely misses you.
You closely miss the orc.
The orc is severely wounded.
The orc barely misses you. The orc hits you but does no damage.
The orc priest calls upon Beogh to heal the orc.
The orc's wounds heal themselves!
The orc closely misses you.
Unknown command.
You hit the orc but do no damage. The orc hits you with a +0 short sword.
* * * LOW HITPOINT WARNING * * *
The orc priest hits you with a +0 dagger.
* * * LOW HITPOINT WARNING * * *
The orc hits you but does no damage. The orc barely misses you.
You riposte.
You hit the orc.
The orc is severely wounded.
The orc priest hits you with a +0 dagger.
You die...

############
#..........#
#..........#
#..........#
#..........#
#....ooo...#
#...##@####### #
#...#####.#..#..
#...............
#...............
#..o....<.......
#.....###...##.#
#.....# ...#
#.....# .....
#.....# .......


You could see an orc priest and 2 orcs.

Vanquished Creatures
  Harold (D:7)
  An ogre (D:4)
  4 gnolls (D:3)
  2 adders (D:2)
  An ufetubus (D:4)
  A worm (D:2)
  4 dart slugs
  10 orcs
  4 ball pythons
  2 endoplasms
  A giant cockroach (D:1)
  6 goblins
  9 hobgoblins
  6 jackals
  5 kobolds
  3 quokkas
  2 bats
  2 frilled lizards (D:1)
  5 rats
69 creatures vanquished.

Vanquished Creatures (others)
  2 plants (D:3)
  A withered plant (D:3)
3 creatures vanquished.

Grand Total: 72 creatures vanquished

Notes
Turn   | Place    | Note
-------+----------+-------------------------------------------
     0 | D:1      | wesbby the Human Berserker began the quest for the Orb.
     0 | D:1      | Reached XP level 1. HP: 18/18 MP: 1/1
   540 | D:1      | Reached XP level 2. HP: 23/24 MP: 2/2
   732 | D:1      | Reached XP level 3. HP: 23/29 MP: 3/3
  1413 | D:2      | Reached XP level 4. HP: 34/37 MP: 4/4
  1458 | D:2      | Found Qotai's Magic Scroll Boutique.
  1928 | D:2      | Found a faded altar of an unknown god.
  2286 | D:3      | Reached ** piety under Trog
  2343 | D:3      | Found a glowing silver altar of Zin.
  2677 | D:3      | Found a basalt altar of Yredelemnul.
  2691 | D:3      | Reached skill level 4 in Long Blades
  2691 | D:3      | Reached XP level 5. HP: 42/42 MP: 5/5
  3260 | D:4      | Found an opulent altar of Gozag.
  3340 | D:4      | Noticed an ogre
  3346 | D:4      | Killed an ogre
  3347 | D:4      | Reached XP level 6. HP: 48/48 MP: 6/6
  3467 | D:4      | You fall into a shaft and drop 3 floors!
  3488 | D:7      | Noticed Harold
  3507 | D:7      | Killed Harold
  3508 | D:7      | Reached skill level 6 in Long Blades
  3508 | D:7      | Reached XP level 7. HP: 39/55 MP: 7/7
  3508 | D:7      | Reached XP level 8. HP: 44/61 MP: 8/8
  3521 | D:7      | HP: 3/61 [orc (3)]
  3521 | D:7      | Slain by an orc priest

Illustrated notes

Levels and vault maps discovered:
D:1:      lightli_arrival_maybe_door_vault, layout_basic, hangedman_decor_push
D:2:      layout_loops_cross, hellmonk_ecumenical_altar_leap_of_faith,
          serial_shops, nicolae_square_shop
D:3:      corexii_shack_village, layout_loops_ring, lemuel_tele_altar,
          yredelemnul_altar_generic, kennysheep_generic_room_14
D:4:      layout_loops_corners, lemuel_coloured_pillars_altar,
          general_overflow_altar
D:6:      layout_rooms, grunt_temple_overflow_open
D:7:      layout_gridville, minmay_temple_entry_tees, gup_ossuary_entry_pyramid,
          worms_lemuel, uniq_maggie, uniq_harold

Skill      XL: |  1  2  3  4  5  6 |
---------------+-------------------+-----
Fighting       | 4 |  4.9
Long Blades    | 4 6 |  6.8
Armour         | 3 4 |  4.5
Dodging        | 3 |  3.6
Stealth        | |  0.3

Action                   |  1- 3 |  4- 6 |  7- 9 || total
-------------------------+-------+-------+-------++-------
Melee: Falchion          |    81 |   112 |     9 ||   202
Invok: Berserk           |       |     5 |       ||     5
  Use: Scroll            |       |     7 |       ||     7
       Potion            |       |     4 |       ||     4
Armor: Ring mail         |    36 |    26 |       ||    62
       Chain mail        |       |     9 |    16 ||    25
Dodge: Dodged            |    53 |    54 |    10 ||   117
       Rpst.: Falchion   |     7 |    23 |     5 ||    35

Table legend: (Time is in decaauts)
 A = Elapsed time spent in this place.
 B = Non-inter-level travel time spent in this place.
 C = Inter-level travel time spent in this place.
 D = Time resting spent in this place.
 E = Time spent auto-exploring this place.
 F = Levels seen in this place.
 G = Mean time per level.
                   A        B        C        D        E       F      G
               +--------+--------+--------+--------+--------+-----+--------+
         Total |   3574 |   3441 |    133 |    291 |   2621 |   6 |  595.7 |
       Dungeon |   3574 |   3441 |    133 |    291 |   2621 |   6 |  595.7 |
               +--------+--------+--------+--------+--------+-----+--------+

Top non-repeatable levels by time:
     D:1: 1216 daAuts
     D:2: 1062 daAuts
     D:3: 960 daAuts
     D:4: 281 daAuts
     D:7: 51 daAuts
     D:6: 1 daAuts
